 Dungeon Crawl Stone Soup version 0.29-a0-111-gbaf749a769 (webtiles) character file.

Game seed: 18312458819789870015

17327 drugrobin the Spear-Bearer (level 11, -21/151 HPs)
             Began as a Demigod Warper on Feb 18, 2022.
             Demolished by an azure jelly (33 damage)
             ... in an ice cave.
             The game lasted 01:13:47 (23905 turns).

drugrobin the Spear-Bearer (Demigod Warper)        Turns: 23905, Time: 01:13:48

Health: -21/151    AC: 25    Str: 20    XL:     11   Next: 90%
Magic:  0/26       EV:  2    Int: 15    God:
Gold:   184        SH:  0    Dex: 17    Spells: 5/13 levels left

rFire   . . .      SeeInvis .   a - +0 halberd
rCold   . . .      Faith    .   (shield currently unavailable)
rNeg    . . .      Spirit   +   (armour currently unavailable)
rPois   +          Reflect  .   (helmet currently unavailable)
rElec   .          Harm     .   (cloak currently unavailable)
rCorr   .          Rampage  .   (gloves currently unavailable)
Will    +....      NoTele   +   (boots currently unavailable)
Stlth   ++........              H - amulet of guardian spirit
HPRegen 0.35/turn               M - ring of magical power
MPRegen 0.20/turn               (no ring)

@: tree-form
A: stationary, stasis, torment immunity, boosted hp, high MP 1, forlorn, divine
attributes
a: no special abilities


You were in an ice cave.
You were a tree.
You visited 2 branches of the dungeon, and saw 11 of its levels.
You also visited: Ossuary and Ice Cave.

You collected 598 gold pieces.
You spent 414 gold pieces at shops.

Inventory:

Hand Weapons
 a - a +0 halberd (weapon)
 b - a +1 shortbow of freezing
 c - a +2 dagger of venom
 k - a +2 triple crossbow of freezing
 O - a +0 trident
Missiles
 d - 4 boomerangs of dispersal
 r - 274 stones
 u - 3 poisoned darts
 A - 109 arrows
 B - 7 boomerangs (quivered)
Armour
 i - an orb of energy
 l - a +1 robe of cold resistance (melded)
 m - the +2 ratskin cloak (melded) {*Rats rPois rN+ Str-1 Int-1 Dex+1}
   (You found it on level 4 of the Dungeon)

   When the wearer is hurt, rats may emerge from it to assist them.
   Str:       It affects your strength (-1).
   Int:       It affects your intelligence (-1).
   Dex:       It affects your dexterity (+1).
   rPois:     It protects you from poison.
   rN:        It protects you from negative energy.
 o - a +0 pair of gloves (melded)
 p - a +1 chain mail of cold resistance
 E - +0 steam dragon scales
Jewellery
 H - an amulet of guardian spirit (around neck)
 M - a ring of magical power (left branch)
Wands
 F - a wand of digging (3)
 I - a wand of charming (2)
 J - a wand of flame (9)
 L - a wand of iceblast (14)
 N - a wand of polymorph (14)
Scrolls
 g - 4 scrolls of acquirement {unknown}
 j - 8 scrolls of teleportation
 n - 4 scrolls of vulnerability
 t - 2 scrolls of immolation {unknown}
 y - a scroll of fear {unknown}
 C - 3 scrolls of amnesia
 D - 3 scrolls of fog
 G - 2 scrolls of enchant weapon
 K - a scroll of brand weapon {unknown}
 P - a scroll of silence
 Q - a scroll of noise {unknown}
Potions
 e - 6 potions of curing
 h - 2 potions of ambrosia
 q - 2 potions of brilliance
 s - 5 potions of heal wounds
 v - a potion of lignification
 x - 3 potions of flight
 S - a potion of invisibility
Miscellaneous
 R - a tin of tremorstones (2/2)


   Skills:
 + Level 10.3 Fighting
 + Level 11.3 Polearms
 - Level 0.8 Throwing
 - Level 0.8 Armour
 + Level 10.7 Dodging
 - Level 2.9 Stealth
 - Level 1.7 Spellcasting
 - Level 2.6 Translocations


You had 5 spell levels left.
You knew the following spells:

 Your Spells              Type           Power      Damage    Failure   Level
a - Blink                 Tloc           18%        N/A       12%         2
b - Teleport Other        Tloc           9%         N/A       22%         3
c - Gell's Gravitas       Tloc           9%         N/A       22%         3

Your spell library contained the following spells:

 Spells                   Type           Power      Damage    Failure   Level
 Magic Dart               Conj           4%         1d3       22%         1
 Lesser Beckoning         Tloc           9%         N/A       22%         3
 Corpse Rot               Necr/Air       2%         N/A       34%         2
 Poisonous Vapours        Pois/Air       2%         N/A       34%         2
 Searing Ray              Conj           2%         2d4       34%         2
 Sublimation of Blood     Necr           1%         N/A       34%         2
 Wereblood                Tmut           1%         N/A       34%         2
 Manifold Assault         Tloc           9%         N/A       91%         5
 Fulminant Prism          Conj/Hex       0%         3d6       92%         4
 Leda's Liquefaction      Hex/Erth       0%         N/A       92%         4
 Lee's Rapid Deconstruct  Erth           0%         3d5*      99%         5
 Statue Form              Tmut/Erth      0%         N/A       100%        6
 Summon Hydra             Summ           0%         N/A       100%        7


Dungeon Overview and Level Annotations

Branches:
Dungeon (10/15)            Temple (0/1) D:5            Lair (1/6) D:8
Ossuary (visited)           IceCv (1/1)
    Orc: D:9-12

Shops:
D:1 [   D:2 *   D:6 !   D:7 *

Annotations:
D:5 1 runed translucent door, exclusion: door, Blork the orc, Crazy Yiuf
D:7 Harold
Lair:1 2 transporters, frimble's ghost, journeyman GnIE IceCv exclusion: ice statue


Innate Abilities, Weirdness & Mutations

You are a tree.
Your roots penetrate the ground, keeping you stationary.
You cannot be teleported.
You are immune to unholy pain and torment.
Your maximum health is greatly increased.
Your equipment is partially melded.
You have an increased reservoir of magic. (+10% MP)
You shall have no god before yourself.
Your divine heritage dramatically boosts your attributes as you level up.


Message History

You hit the azure jelly but do no damage.
The azure jelly is lightly wounded.
The azure jelly hits you but does no damage. x4
Unknown command.
You slash the azure jelly!
The azure jelly is moderately wounded.
The azure jelly hits you but does no damage.
The azure jelly hits you. The azure jelly freezes you!!
The azure jelly hits you but does no damage. x2
The azure jelly hits you. The azure jelly freezes you!!
* * * LOW HITPOINT WARNING * * *
The azure jelly hits you but does no damage.
The azure jelly completely misses you. The azure jelly hits you.
* * * LOW HITPOINT WARNING * * *
Unknown command.
Okay, then.
Unknown command.
Unknown command.
You slash the azure jelly!
The azure jelly is moderately wounded.
The azure jelly hits you but does no damage. x4
Unknown command.
Unknown command.
Unknown command.
Unknown command.
Unknown command.
Unknown command.
Unknown command.
Unknown command.
Unknown command.
You closely miss the azure jelly.
The azure jelly is moderately wounded.
The azure jelly hits you.
* * * LOW HITPOINT WARNING * * *
The azure jelly freezes you!!
* * * LOW HITPOINT WARNING * * *
The azure jelly hits you.
* * * LOW HITPOINT WARNING * * *
The azure jelly freezes you!!
You die...

##### ##### ##...##
##...## #.....##
#.....## ##......#
##......# #.......#
#.......# ##..♣#...##
#....#..#
#..J###Y..###...##...
#...# #....##..####..
#..####....##..##.##.
#..##.##...##..##.[##
#..#...#...##...#)..#
#......##8.##...##..#
#......##..##....#..#
#......##..####..##..


You could see an azure jelly.

Vanquished Creatures
  A hydra (Lair:1)
  2 two-headed ogres (D:9)
  2 death yaks
  Pikel (D:5)
  2 centaur zombies (D:10)
  A gargoyle (D:9)
  A cane toad (Lair:1)
  Psyche (D:9)
  2 trolls
  A hornet (D:9)
  Grinder (D:3)
  Prince Ribbit (D:5)
  16 slime creatures (IceCv)
  Sigmund (D:4)
  2 wyverns
  2 yaks (D:8)
  A wraith (D:7)
  Eustachio (D:5)
  2 demonic crawler simulacra (IceCv)
  2 black bears (D:5)
  2 ice beasts
  3 orc warriors
  2 necrophages
  6 ugly thing simulacra (IceCv)
  A sky beast (D:8)
  2 ogres
  3 wolves (Lair:1)
  3 centaurs
  2 phantoms (D:6)
  An elf zombie (D:8)
  4 bullfrogs
  An elf skeleton (D:8)
  3 glowing shapeshifter simulacra (IceCv)
  3 scorpions (D:5)
  2 water moccasin zombies (Ossuary)
  2 wyvern skeletons (D:7)
  A water moccasin skeleton (D:7)
  A killer bee (D:9)
  An elephant simulacrum (Lair:1)
  9 wights
  2 electric eels (D:7)
  A human zombie (D:8)
  3 orc priests
  2 gnoll shamans (D:9)
  A bullfrog skeleton (D:7)
  A hound (D:4)
  3 human skeletons (D:8)
  An iguana (D:5)
  6 orc wizards
  A killer bee zombie (D:6)
  A hound zombie (D:5)
  2 mummies (Ossuary)
  A howler monkey zombie (D:9)
  A howler monkey skeleton (D:5)
  11 gnolls
  4 adders
  A white imp (D:7)
  2 ufetubi
  5 adder zombies (Ossuary)
  3 worms
  A dart slug (D:3)
  22 orcs
  5 ball pythons (D:1)
  2 bats
  2 endoplasms
  A giant cockroach (D:4)
  3 gnoll zombies (Ossuary)
  7 goblins
  9 hobgoblins
  5 jackals
  6 quokkas
  6 frilled lizards
  4 hobgoblin zombies (Ossuary)
  8 kobolds
  5 kobold zombies (Ossuary)
  An orc zombie (Ossuary)
  3 rats (D:1)
237 creatures vanquished.

Vanquished Creatures (collateral kills)
  3 death yaks (D:8)
  An entropy weaver simulacrum (IceCv)
  2 slime creatures (IceCv)
  2 yaks (D:8)
  A black bear (D:6)
  An ogre (D:4)
  A centaur (D:5)
  2 lemures (D:5)
  A phantom (D:4)
  3 gnolls (D:5)
  2 orcs (D:4)
  A kobold (D:4)
20 creatures vanquished.

Vanquished Creatures (others)
  6 fungi (Lair:1)
  26 plants
  7 toadstools (Lair:1)
  2 withered plants (D:4)
41 creatures vanquished.

Grand Total: 298 creatures vanquished

Notes
Turn   | Place    | Note
-------+----------+-------------------------------------------
     0 | D:1      | drugrobin the Demigod Warper began the quest for the Orb.
     0 | D:1      | Reached XP level 1. HP: 17/17 MP: 5/5
    26 | D:1      | Reached skill level 2 in Polearms
   557 | D:1      | Reached XP level 2. HP: 24/24 MP: 7/7
   670 | D:1      | Found Erhoixac's Armour Emporium.
  1271 | D:2      | Reached skill level 3 in Polearms
  1274 | D:2      | Found Puf Xabb's Assorted Antiques.
  1299 | D:2      | Bought a sharpened gold wand for 96 gold pieces
  1816 | D:1      | Reached XP level 3. HP: 29/29 MP: 8/8
  2987 | D:3      | Noticed Grinder
  2987 | D:3      | Paralysed by Grinder for 3 turns
  2995 | D:3      | Paralysed by Grinder for 3 turns
  3004 | D:3      | Paralysed by Grinder for 6 turns
  3352 | D:4      | Noticed a phantom
  3498 | D:4      | Reached skill level 4 in Polearms
  3498 | D:4      | Reached XP level 4. HP: 30/36 MP: 9/9
  3620 | D:4      | Noticed an ogre
  3697 | D:3      | Paralysed by Grinder for 6 turns
  3963 | D:3      | Learned a level 2 spell: Blink
  3967 | D:3      | Learned a level 3 spell: Teleport Other
  4032 | D:3      | Paralysed by Grinder for 5 turns
  4063 | D:3      | Killed Grinder
  4064 | D:3      | Reached XP level 5. HP: 7/41 MP: 2/10
  4407 | D:4      | Found the +2 ratskin cloak {*Rats rPois rN+ Str-1 Int-1
                  | Dex+1}
  4444 | D:4      | Noticed Sigmund
  4600 | D:4      | Reached XP level 6. HP: 18/48 MP: 11/11
  5339 | D:4      | Reached skill level 5 in Polearms
  5621 | D:5      | Entered Level 5 of the Dungeon
  6014 | D:5      | Learned a level 3 spell: Gell's Gravitas
  6140 | D:5      | Reached XP level 7. HP: 56/56 MP: 12/12
  6195 | D:5      | Noticed Pikel
  6273 | D:5      | Killed Pikel
  6274 | D:5      | Reached skill level 6 in Polearms
  6621 | D:5      | Reached skill level 5 in Dodging
  6638 | D:5      | Reached XP level 8. HP: 42/66 MP: 13/13
  6775 | D:5      | Found a staircase to the Ecumenical Temple.
  6937 | D:5      | Found a runed translucent door.
  6938 | D:5      | Noticed Crazy Yiuf
  7112 | D:5      | Noticed Blork the orc
  7232 | D:5      | Noticed Eustachio
  7248 | D:5      | Killed Eustachio
  7501 | D:5      | Noticed Prince Ribbit
  7601 | D:6      | Reached skill level 5 in Fighting
  8063 | D:6      | Reached skill level 7 in Polearms
  9210 | D:6      | Found Vairy's Distillery.
  9351 | D:6      | Bought a potion of curing for 39 gold pieces
  9351 | D:6      | Bought a potion of degeneration for 13 gold pieces
  9351 | D:6      | Bought a potion of lignification for 39 gold pieces
  9351 | D:6      | Bought a potion of heal wounds for 65 gold pieces
  9656 | D:6      | Reached XP level 9. HP: 71/75 MP: 14/14
 10965 | D:7      | Found Befoch's Island Escapes.
 11783 | D:7      | Noticed Harold
 11922 | D:7      | Bought a scroll of fog for 26 gold pieces
 11922 | D:7      | Bought a scroll of teleportation for 39 gold pieces
 11922 | D:7      | Bought a scroll of blinking for 97 gold pieces
 12147 | D:5      | Reached skill level 8 in Polearms
 12466 | D:4      | Killed Sigmund
 12890 | D:5      | Killed Prince Ribbit
 13169 | D:8      | Noticed a death yak
 13169 | D:8      | Noticed a death yak
 13169 | D:8      | Noticed a death yak
 13169 | D:8      | Found a staircase to the Lair.
 13194 | D:8      | Noticed a death yak
 13195 | D:8      | Noticed a death yak
 13454 | D:8      | Found a sand-covered staircase.
 13579 | Ossuary  | Entered an ossuary
 14209 | D:8      | Identified the +1 pair of gloves "Pylal" {Harm}
 14836 | D:8      | Reached XP level 10. HP: 85/85 MP: 15/15
 15698 | D:7      | Killed a death yak
 15699 | D:7      | Reached skill level 9 in Polearms
 16073 | D:8      | Killed a death yak
 16325 | D:8      | Killed a death yak
 16695 | D:8      | Killed a death yak
 17247 | D:8      | Killed a death yak
 17501 | D:9      | Noticed Maggie
 17502 | D:9      | Noticed Maggie
 17502 | D:9      | Maggie changed into Maggie the ice beast
 17549 | D:9      | Killed Maggie the ice beast
 18262 | D:9      | Noticed Psyche
 18277 | D:9      | Killed Psyche
 18381 | D:9      | Reached skill level 10 in Polearms
 18437 | D:9      | Noticed a two-headed ogre
 18488 | D:9      | Killed a two-headed ogre
 18489 | D:9      | Reached XP level 11. HP: 68/97 MP: 17/17
 18633 | D:9      | Noticed a two-headed ogre
 18670 | D:9      | Killed a two-headed ogre
 19096 | D:10     | Entered Level 10 of the Dungeon
 19657 | D:10     | Noticed a centaur warrior
 20026 | Lair:1   | Entered Level 1 of the Lair of Beasts
 20044 | Lair:1   | Found a transporter.
 20045 | Lair:1   | Found a transporter.
 20047 | Lair:1   | Noticed frimble's ghost (journeyman GnIE)
 20110 | Lair:1   | Noticed a six-headed hydra
 20158 | Lair:1   | Killed a six-headed hydra
 20159 | Lair:1   | Reached skill level 10 in Dodging
 20290 | Lair:1   | Found a frozen archway.
 20324 | IceCv    | Entered an ice cave
 21425 | IceCv    | Reached skill level 10 in Fighting
 21471 | IceCv    | Reached skill level 11 in Polearms
 23881 | IceCv    | Noticed an azure jelly
 23905 | IceCv    | Demolished by an azure jelly

Illustrated notes

Levels and vault maps discovered:
D:1:      lordsloth_arrival_two_stooges, layout_basic, serial_shops,
          shop_fountains, dreamdust_ecumenical_altar_hidden_monk_grotto,
          kennysheep_decorative_pillar, grunt_decor_one_mirror,
          minmay_tetromino_t2
D:2:      layout_rooms, serial_shops, shop, serial_bayou_ford_a,
          chequers_serial_rivers_micro_a, serial_bayou_lake_a
D:3:      layout_rooms, uniq_grinder
D:4:      nicolae_BIG_FREAKIN_CUBE, layout_loops_ring,
          grunt_temple_overflow_growth_and_decay,
          mainiacjoe_overflow_cross_hatched, kennysheep_generic_room_11,
          uniq_sigmund
D:5:      layout_basic, minmay_temple_entry_antechambers,
          uniq_crazy_yiuf_cottage, uniq_eustachio, uniq_pikel,
          uniq_prince_ribbit1, uniq_blork_the_orc
D:6:      minmay_diamond_boxcup, layout_basic,
          worldfamousw_hep_ancestral_shrine, serial_shops,
          nicolae_inconvenience_store
D:7:      layout_layer_cave, chequers_temple_overflow_minitemple,
          grunt_ministairs_3, minivault_14, nicolae_island_escapes, uniq_harold
D:8:      layout_gridville, dpeg_lair_monsters, nicolae_ossuary_entry_catacombs,
          hangedman_decor_opposing
D:9:      cheibrodos_helix_gallery, layout_irregular_city, uniq_maggie,
          uniq_psyche
D:10:     layout_long_grid, amcnicky_mini_pool_small, minmay_diamond_spiral
Lair:1:   gammafunk_lair_enchanted_lake, layout_cave_pods,
          portal_ice_cave_entry_ice_simulacra, gammafunk_ghost_hive,
          lemuel_fruit_tree
IceCv:    ice_cave_hellmonk_azure_passage

Skill      XL: |  1  2  3  4  5  6  7  8  9 10 11 |
---------------+----------------------------------+-----
Polearms       | 2 3 4 5 6 7 8 10 11 | 11.3
Dodging        | 2 3 5 6 7 9 10 | 10.7
Stealth        | 2 |  2.9
Fighting       | 2 4 5 7 9 10 | 10.3
Throwing       | |  0.8
Armour         | |  0.8
Spellcasting   | |  1.7
Translocations | |  2.6

Action                   |  1- 3 |  4- 6 |  7- 9 | 10-12 || total
-------------------------+-------+-------+-------+-------++-------
Melee: Spear             |   244 |   111 |   202 |       ||   557
       Punch             |     2 |     1 |     5 |     3 ||    11
       Quarterstaff      |       |     2 |     4 |       ||     6
       Short sword       |       |       |    24 |       ||    24
       Trident           |       |       |   298 |    15 ||   313
       Dagger            |       |       |    52 |   184 ||   236
       Halberd           |       |       |       |   430 ||   430
 Fire: Shortbow          |       |       |    86 |    80 ||   166
Throw: Stone             |       |     8 |       |       ||     8
       Dart              |       |    18 |     4 |    11 ||    33
       Boomerang         |       |       |    14 |    35 ||    49
 Cast: Blink             |       |     7 |    19 |    15 ||    41
       Teleport Other    |       |     5 |     7 |    10 ||    22
       Gell's Gravitas   |       |       |       |     7 ||     7
Evoke: Wand              |     1 |    24 |     1 |     2 ||    28
  Use: Scroll            |       |     1 |     1 |    10 ||    12
       Potion            |       |       |     1 |     2 ||     3
 Stab: Sleeping          |     3 |     6 |     7 |     1 ||    17
       Distracted        |       |       |     4 |     2 ||     6
Armor: Leather armour    |    11 |       |       |       ||    11
       Robe              |    27 |    17 |   103 |    60 ||   207
       Skin              |       |       |     1 |    22 ||    23
       Steam dragon scal |       |       |       |    43 ||    43
Dodge: Dodged            |   104 |    57 |   353 |   390 ||   904

Table legend: (Time is in decaauts)
 A = Elapsed time spent in this place.
 B = Non-inter-level travel time spent in this place.
 C = Inter-level travel time spent in this place.
 D = Time resting spent in this place.
 E = Time spent auto-exploring this place.
 F = Levels seen in this place.
 G = Mean time per level.
                   A        B        C        D        E       F      G
               +--------+--------+--------+--------+--------+-----+--------+
         Total |  23869 |  23009 |    860 |   6029 |   9621 |  13 | 1836.1 |
       Dungeon |  19695 |  18835 |    860 |   3997 |   9453 |  10 | 1969.5 |
          Lair |    301 |    301 |      0 |      0 |      0 |   1 |  301.0 |
       Ossuary |    306 |    306 |      0 |     99 |     17 |   1 |  306.0 |
      Ice Cave |   3564 |   3564 |      0 |   1933 |    151 |   1 | 3564.0 |
               +--------+--------+--------+--------+--------+-----+--------+

Top non-repeatable levels by time:
   IceCv: 3564 daAuts
     D:8: 3192 daAuts
     D:5: 2702 daAuts
     D:7: 2691 daAuts
     D:6: 2437 daAuts
     D:9: 2025 daAuts
     D:4: 1993 daAuts
     D:2: 1493 daAuts
     D:1: 1477 daAuts
     D:3: 1064 daAuts
    D:10: 616 daAuts
 Ossuary: 306 daAuts
  Lair:1: 301 daAuts
